 Dungeon Crawl Stone Soup version 0.31-a0-818-ge7c7cf74f0 (webtiles) character file.

Game seed: 244305991681882844

98 Kurtz the Chopper (level 4, 0/31 HPs)
             Began as an Octopode Fighter on Sept 23, 2023.
             Slain by a quokka (3 damage)
             ... on level 4 of the Dungeon.
             The game lasted 00:01:21 (1962 turns).

Kurtz the Chopper (Octopode Fighter)                Turns: 1962, Time: 00:01:22

Health: 0/31       AC:  1    Str: 17    XL:     4   Next: 69%
Magic:  4/4        EV: 13    Int: 10    God:
Gold:   94         SH:  4    Dex: 11    Spells: 3/3 levels left

rFire   + . .        a - +0 war axe
rCold   . . .        b - +0 buckler
rNeg    . . .        (helmet restricted)
rPois   .            (no amulet)
rElec   .            e - ring of protection from fire
rCorr   .            (no ring)
SInv    .            (no ring)
Will    .....        (no ring)
Stlth   ++           (no ring)
HPRegen 0.25/turn    (no ring)
MPRegen 0.09/turn    (no ring)
                     (no ring)

%: no passive effects
@: mighty
A: almost no armour, amphibious, 8 rings, camouflage 1, gelatinous body 1,
(nimble swimmer 1), tentacles
a: no special abilities


You were on level 4 of the Dungeon.
You visited 1 branch of the dungeon, and saw 4 of its levels.

You collected 94 gold pieces.

Inventory:

Hand Weapons
 a - a +0 war axe (weapon)
Missiles
 m - 2 poisoned darts
Armour
 b - a +0 buckler (worn)
Jewellery
 e - a ring of protection from fire (left tentacle)
Wands
 g - a wand of polymorph (2)
Scrolls
 f - 3 scrolls of teleportation {unknown}
 h - a scroll of brand weapon {unknown}
 j - a scroll of amnesia {unknown}
 k - a scroll of enchant weapon {unknown}
 p - a scroll of immolation {unknown}
 q - a scroll of identify {unknown}
Potions
 c - a potion of might
 d - 2 potions of heal wounds {unknown}
 i - a potion of curing {unknown}
 l - a potion of enlightenment {unknown}
 n - a potion of ambrosia {unknown}
 o - a potion of attraction {unknown}
 r - a potion of invisibility {unknown}


   Skills:
 + Level 3.0 Fighting
 * Level 4.7 Axes
 - Level 3.0 Dodging
 - Level 3.0 Shields


You had 3 spell levels left.
You didn't know any spells.
Your spell library contained the following spells:

 Spells                   Type           Power      Damage    Failure   Level
 Ensorcelled Hibernation  Hex/Ice        0%         N/A       58%         2
 Passwall                 Tmut/Erth      0%         N/A       58%         2
 Poisonous Vapours        Pois/Air       0%         N/A       58%         2
 Mephitic Cloud           Conj/Pois/Air  0%         N/A       82%         3
 Swiftness                Air            0%         N/A       82%         3
 Freezing Cloud           Conj/Ice/Air   0%         6-21      100%        5


Dungeon Overview and Level Annotations

Branches:
Dungeon (4/15)
 Temple: D:4-7

Altars:
Elyvilon

Annotations:
D:3 Robin


Innate Abilities, Weirdness & Mutations

You cannot wear most types of armour.
You are amphibious.
You can wear up to eight rings at the same time.
Your skin changes colour to match your surroundings (Stealth+).
Your rubbery body absorbs attacks. (AC +1, EV +1)
((You are camouflaged when in or above water. (Stealth+)))
You have tentacles for arms and can constrict up to eight enemies at once.


Message History

The giant cockroach bites you but does no damage.
The hound bites you.
The orc wizard gestures wildly while chanting.
The orc wizard flickers and vanishes!
Deactivating autopickup; reactivate with Ctrl-A.
The giant cockroach bites you. The quokka bites you.
The hound closely misses you.
Sorry, you're not good enough to have a special ability.
Unknown command.
You feel very mighty all of a sudden. The hound barely misses you.
The quokka bites you.
An adder comes into view.
You barely miss the hound.
The adder hisses angrily.
Your grab misses the hound. You barely miss the quokka.
You closely miss something. The hound bites you.
A jackal comes into view.
The quokka bites you. You block the hound's attack. The quokka bites you.
Unknown command.
Unknown command.
You are too injured to fight recklessly!
Unknown command.
You are too injured to fight recklessly!
You miss something. You hit the giant cockroach.
You kill the giant cockroach!
You barely miss the hound. You hit the quokka. You slash the jackal!
You kill the jackal!
The hound bites you.
* * * LOW HITPOINT WARNING * * *
You hear some strange, mumbled words.
Something tries to affect you, but you resist.
The quokka bites you.
* * * LOW HITPOINT WARNING * * *
You block the hound's attack. Something hits you.
* * * LOW HITPOINT WARNING * * *
You barely miss the hound. Your grab misses the hound. You squeeze the hound!
The hound is severely wounded.
You closely miss something. You miss the quokka. The hound barely misses you.
The quokka bites you.
You die...

#+##+##+
#......#
#......# ##
#......##.#
#...###...#
#. #@†.#
#r{h.#
..Sg..#
#......#
#.......#
#########


You could see a hound, an adder, a quokka and a goblin.

Vanquished Creatures
  A hound (D:4)
  An adder (D:4)
  An orc (D:3)
  2 endoplasms
  4 giant cockroaches
  4 goblins
  9 hobgoblins
  A jackal (D:4)
  7 kobolds
  4 quokkas
  6 ball pythons
  6 bats (D:2)
  2 frilled lizards
  3 rats
51 creatures vanquished.

Notes
Turn   | Place    | Note
-------+----------+-------------------------------------------
     0 | D:1      | Kurtz the Octopode Fighter began the quest for the Orb.
     0 | D:1      | Reached XP level 1. HP: 16/16 MP: 1/1
   346 | D:1      | You fall into a shaft and drop 1 floor!
   349 | D:2      | Identified the +2 ring mail of the Stone Wall {rElec}
   369 | D:2      | Reached XP level 2. HP: 21/21 MP: 2/2
   437 | D:2      | Reached skill level 3 in Axes
   734 | D:2      | Reached XP level 3. HP: 24/26 MP: 3/3
  1601 | D:3      | Reached skill level 4 in Axes
  1720 | D:3      | Noticed Robin
  1763 | D:4      | Found a white marble altar of Elyvilon.
  1856 | D:4      | Reached XP level 4. HP: 21/31 MP: 4/4
  1962 | D:4      | Slain by a quokka

Illustrated notes

Levels and vault maps discovered:
D:1:      dpeg_arrival_ternary, layout_basic
D:2:      layout_loops_corners, hangedman_decor_opposing
D:3:      corexii_shack_village, layout_loops_ring, uniq_robin
D:4:      minmay_chambers_of_threes, layout_gridville, elyvilon_altar_1

Skill      XL: |  1  2  3 |
---------------+----------+-----
Axes           | 3 4 |  4.7
Fighting       | |  3.0
Dodging        | |  3.0
Shields        | |  3.0

Action                     |  1- 3 |  4- 6 || total
---------------------------+-------+-------++-------
  Melee: War axe           |    92 |     6 ||    98
         Constrict         |    21 |     1 ||    22
         Tentacles         |    10 |     1 ||    11
         Punch             |     1 |       ||     1
    Use: Potion            |       |     1 ||     1
   Stab: Sleeping          |    10 |       ||    10
 Armour: Skin              |    41 |    13 ||    54
  Dodge: Dodged            |    56 |     8 ||    64
  Block: Buckler           |    18 |     2 ||    20

Table legend: (Time is in decaauts)
 A = Elapsed time spent in this place.
 B = Non-inter-level travel time spent in this place.
 C = Inter-level travel time spent in this place.
 D = Time resting spent in this place.
 E = Time spent auto-exploring this place.
 F = Levels seen in this place.
 G = Mean time per level.
                   A        B        C        D        E       F      G
               +--------+--------+--------+--------+--------+-----+--------+
         Total |   1996 |   1922 |     74 |    286 |   1286 |   4 |  499.0 |
       Dungeon |   1996 |   1922 |     74 |    286 |   1286 |   4 |  499.0 |
               +--------+--------+--------+--------+--------+-----+--------+

Top non-repeatable levels by time:
     D:2: 969 daAuts
     D:3: 443 daAuts
     D:1: 350 daAuts
     D:4: 233 daAuts
